 Dungeon Crawl Stone Soup version 0.20-a0-754-g13ddd6e (webtiles) character file.

236 nubinia the Gusty (level 5, 0/38 HPs)
             Began as a Draconian Air Elementalist on Feb 25, 2017.
             Succumbed to an adder's poison
             ... on level 3 of the Dungeon.
             The game lasted 00:16:32 (3242 turns).

nubinia the Gusty (Draconian Air Elementalist)      Turns: 3242, Time: 00:16:32

Health: 0/38       AC:  5    Str: 10    XL:     5   Next: 77%
Magic:  1/9        EV: 12    Int: 16    God:
Gold:   88         SH:  0    Dex: 12    Spells: 4/10 levels left

rFire    . . .     SeeInvis .   l - +0 halberd
rCold    . . .     Gourm    .   (armour unavailable)
rNeg     . . .     Faith    .   (shield currently unavailable)
rPois    .         Spirit   .   (helmet restricted)
rElec    .         Reflect  .   (no cloak)
rCorr    .         Harm     .   (no gloves)
MR       .....                  (no boots)
Stlth    ++........             (no amulet)
Regen    0.2/turn               (no ring)
MPRegen  0.2/turn               (no ring)

@: lethally poisoned (0 -> -3), very slightly contaminated
A: unfitting armour, cold-blooded, AC +5
a: no special abilities


You were on level 3 of the Dungeon.
You were hungry.

You visited 1 branch of the dungeon, and saw 3 of its levels.

You collected 88 gold pieces.

Inventory:

Hand Weapons
 h - a +0 spear
 l - a +0 halberd (weapon)
Jewellery
 k - a +5 amulet of reflection {unknown}
Wands
 m - a wand of digging (19/24)
Potions
 e - 2 potions of brilliance
Books
 a - a book of Air

   Spells                             Type                      Level
   a - Shock                          Conjuration/Air              1
   b - Swiftness                      Charms/Air                   2
   c - Static Discharge               Conjuration/Air              3
   d - Airstrike                      Air                          4
   e - Lightning Bolt                 Conjuration/Air              5
Comestibles
 b - 2 bread rations
 c - 6 fruits
 d - 2 chunks of flesh
 g - a meat ration
 i - a royal jelly


   Skills:
 + Level 0.2 Fighting
 + Level 0.6 Polearms
 + Level 2.4 Dodging
 + Level 2.3 Stealth
 + Level 0.8 Unarmed Combat
 + Level 3.0 Spellcasting
 + Level 3.0 Conjurations
 + Level 4.2 Air Magic


You had 4 spell levels left.
You knew the following spells:

 Your Spells              Type           Power        Failure   Level  Hunger
a - Shock                 Conj/Air       ##..         6%          1    #......
b - Static Discharge      Conj/Air       ##......     14%         3    ###....
s - Swiftness             Chrm/Air       #.......     14%         2    ##.....


Dungeon Overview and Level Annotations

Branches:
Dungeon (3/15)

Altars:


Innate Abilities, Weirdness & Mutations

Your plain brown scales are hard. (AC +5)
You cannot fit into any form of body armour.
You are cold-blooded and may be slowed by cold attacks.


Message History

Aim: an adder (severely wounded)
The zap misses the adder.
* * * LOW HITPOINT WARNING * * *
You feel sick. The adder barely misses you.
The quokka bites you but does no damage.
Unknown command.
You miss the adder.
The adder is heavily wounded.
* * * LOW HITPOINT WARNING * * *
You feel sick. The adder barely misses you. The quokka closely misses you.
The adder completely misses you. The quokka bites you.
* * * LOW HITPOINT WARNING * * *
You barely miss the adder.
The adder is heavily wounded.
The adder barely misses you.
The quokka bites you but does no damage.
The adder closely misses you.
You miss the adder.
The adder is heavily wounded.
You die...

*********** ******########
*,,,,,,,,,* #..$.##.......
*,,,,,,,,,* #....##)......
*,,,,,,,,,* ##....##<.>....
*,,,,,,,,,* #.....##.......
****,.,***** #.....##.......
*,,,,#.* #.............. **
*,,,,#.#######......#.......
,*****,,,.#..#)S@r.....###.......
,,,,**,,,.....)####.######.......
,,,,,,,,,..#...#*#..#........####
,,**,,,,,..#.#..##....########
,,**,,,,,....o.......##
,,,,,,,,,.....r....#.#******
,,,,,,,,,?.b.#.#####...,,,,*
,**,,,,,,......****#####**,******
,*,,*,,,,.....,,,,,*******,,,,,,,


You could see an adder and a quokka.

Vanquished Creatures
  2 orc priests (D:3)
  Robin (D:2)
  An adder (D:2)
  5 gnolls (D:2)
  3 oozes
  A worm (D:2)
  2 dart slugs (D:2)
  4 leopard geckos
  2 orcs (D:3)
  3 bats
  3 giant cockroaches
  16 hobgoblins
  11 jackals (D:2)
  4 quokkas (D:2)
  3 ball pythons
  2 frilled lizards
  10 goblins
  5 kobolds
  3 rats
81 creatures vanquished.

Notes
Turn   | Place    | Note
-------+----------+-------------------------------------------
     0 | D:1      | nubinia the Draconian Air Elementalist began the quest for the Orb.
     0 | D:1      | Reached XP level 1. HP: 14/14 MP: 3/3
   419 | D:1      | Reached XP level 2. HP: 20/20 MP: 1/5
   550 | D:1      | Learned a level 2 spell: Swiftness
  1489 | D:2      | Reached XP level 3. HP: 26/26 MP: 3/6
  1498 | D:2      | Noticed Robin
  1633 | D:2      | Killed Robin
  1759 | D:2      | Learned a level 3 spell: Static Discharge
  1923 | D:2      | Reached XP level 4. HP: 31/33 MP: 5/7
  2245 | D:2      | Reached skill level 4 in Air Magic
  2452 | D:2      | Reached XP level 5. HP: 38/38 MP: 5/9
  3224 | D:3      | HP: 1/38 [quokka (4)]
  3240 | D:3      | HP: 1/38 [quokka (2)]
  3242 | D:3      | Succumbed to an adder's poison

Vault maps used:
D:1:      kennysheep_arrival_seaside
D:2:      st_stairs_4, uniq_robin
D:3:      gup_sewer_entry_bowl, nicolae_gozag_zags_fifth_avenue

Skill      XL: |  1  2  3  4  5 |
---------------+----------------+-----
Stealth        | 2 |  2.3
Conjurations   | 2 3 |  3.0
Air Magic      | 4 |  4.2
Dodging        | 2 |  2.4
Spellcasting   | 3 |  3.0
Fighting       | |  0.2
Polearms       | |  0.6
Unarmed Combat | |  0.8

Action                   |  1- 3 |  4- 6 || total
-------------------------+-------+-------++-------
Melee: Unarmed           |    30 |       ||    30
       Tailslap          |     4 |     5 ||     9
       Spear             |       |    38 ||    38
       Halberd           |       |    17 ||    17
 Cast: Shock             |    76 |    85 ||   161
  Use: Scroll            |       |     4 ||     4
       Potion            |       |     3 ||     3
 Stab: Sleeping          |       |     1 ||     1
  Eat: Chunk             |     4 |     4 ||     8
Armor: Skin              |    30 |    35 ||    65
Dodge: Dodged            |    57 |    73 ||   130
